[Event "*** Titled Tuesday Blitz"]
[Site "Chess.com"]
[Date "2020.04.14"]
[Round "4"]
[White "codapbg94"]
[Black "sergeikim"]
[Result "1-0"]
[WhiteElo "2047"]
[BlackElo "2366"]
[TimeControl "180+1"]
[EndTime "10:41:04 PDT"]
[Termination "codapbg94 won on time"]

1. e4 e5 2. Bc4 Nf6 3. d3 Bc5 4. Nf3 Nc6 5. O-O d6 6. h3 a6 7.
c3 Ba7 8. Bb3 O-O 9. Be3 Nh5 10.
Bxa7 Rxa7 11. Nxe5 Nxe5 12. Qxh5 Nxd3 13. Qe2 Nf4 14. Qf3 Qg5 15. Kh2 Be6 16. Na3 Raa8 17.
Nc4 Rae8 18. Rae1 Bc8 19. Ne3 Be6 20. Ng4 h5 21. Ne3 b5 22. Nc2 h4 23. Nd4 c5 24.
Nxe6 fxe6 25. Qg4 Qe5 26. Kg1 Nd3 27. Re2 Rf4 28. Qg6 Re7 29. Bc2 Nxb2 30. g3 Rf6 31. Qg4 hxg3 32. f4 Rg6 33. fxe5 Rxg4 34. hxg4 dxe5 35. Bb3 c4 36. Rxb2 cxb3 37. axb3 Rd7 38.
Kg2 Rd3 39. Rc2 Re3 40. c4 Rxb3 41. cxb5 axb5 42. Rf3 Rb4 43. Re3 Rd4 44. Kxg3 b4 45.
Rb3 Kf7 46. Rcb2 Kg6 47. Rxb4 Rd3+ 48. Kg2 Kg5 49. R2b3 Rd2+ 50. Kg3 Rd1 51. Rf3 Rg1+ 52. Kf2 Rh1 53. Rbb3 Kxg4 54. Rg3+ Kf4 55. Rxg7 Kxe4 56. Rg4+ Kf5 57. Rf3+ Kxg4 58. Rg3+ 1-0

[Event "*** Titled Tuesday Blitz"]
[Site "Chess.com"]
[Date "2020.04.14"]
[Round "4"]
[White "Leonid_Starozhilov"]
[Black "K_A_S_T_O_R"]
[Result "1-0"]
[WhiteElo "2665"]
[BlackElo "2828"]
[TimeControl "180+1"]
[EndTime "10:41:07 PDT"]
[Termination "Leonid_Starozhilov won by resignation"]

1. c4 c5 2. Nf3 Nf6 3. Nc3 e6 4. d4 cxd4 5. Nxd4 a6 6. e4 Qc7 7.
a3 b6 8. Be3 Bb7 9. f3 Be7 10.
Rc1 O-O 11. Be2 d6 12. O-O Nbd7 13. Qd2 Rac8 14. Rfd1 Qb8 15. Qe1 Bd8 16. Kh1 Bc7 17.
Bg1 Rfe8 18. Qh4 Ne5 19. b3 Ng6 20. Qf2 Qa8 21. Bf1 d5 22. cxd5 exd5 23. exd5 Bf4 24. Rc2 Be3 25. Qg3 Bxg1 26. Kxg1 Nxd5 27. Nxd5 Bxd5 28. Rcd2 h6 29. h4 Ne7 30. b4 b5 31. Kh2 Bc4 32. Bd3 Bxd3 33. Rxd3 Rc4 34. Re1 Rxd4 35. Rxd4 Nf5 36. Rxe8+ Qxe8 37. Re4 Qd7 38.
Qf4 Ne7 39. Qe5 Kf8 40. Rd4 Qc8 41. Qd6 Ke8 42. Re4 Qb7 43. Qe5 Kf8 44. h5 f6 45. Qe6 Qc7+ 46. Kh3 Qd8 47. Kh2 Qc7+ 48. Kh1 Qc1+ 49. Re1 Qc7 50. Rd1 Ke8 51. Qe4 Qg3 52.
Re1 Qd6 53. Qe6 Qc7 54. Qg8+ Kd7 55. Qxg7 Qd6 56. Qg4+ f5 57. Qg7 Kd8 58. Qxe7+ Qxe7 59. Rxe7 Kxe7 60. g4 fxg4 61. fxg4 Kf6 62. Kg2 Kg5 63.
Kg3 Kf6 64. Kf4 Ke6 65. g5 hxg5+ 66. Kxg5 Kf7 67. Kf5 Kg7 68. Ke5 Kh6 69. Kd5 1-0

[Event "*** Titled Tuesday Blitz"]
[Site "Chess.com"]
[Date "2020.04.14"]
[Round "4"]
[White "Mikhail_Biryukov"]
[Black "Lestofante90"]
[Result "0-1"]
[WhiteElo "2592"]
[BlackElo "2780"]
[TimeControl "180+1"]
[EndTime "10:41:07 PDT"]
[Termination "Lestofante90 won by resignation"]

1. e4 c5 2. Nf3 d6 3. d4 cxd4 4. Nxd4 Nf6 5. Nc3 a6 6. h3 e5 7. Nde2 h5 8. g3 Be7 9. Bg2 b5 10. Bg5 Nbd7 11. Bxf6 Nxf6 12. Nd5 Nxd5 13. exd5 Bf5 14.
O-O O-O 15. f4 exf4 16. Nxf4 h4 17. g4 Bh7 18. c3 b4 19. c4 Bf6 20. Qd2 Qb6+ 21.
Kh1 Qd4 22. Rf2 Qxd2 23. Rxd2 Rfe8 24. Kg1 Rac8 25. Bf1 Re3 26. Rad1 a5 27. b3 Bd8 28.
Bd3 Bb6 29. Bxh7+ Kxh7 30. Kh2 Rce8 31. Rc1 g5 32. Ng2 Re2 33. Rcc2 Rxd2 34. Rxd2 Kg6 35.
Rc2 f5 36. gxf5+ Kxf5 37. Rd2 Bc5 38. Kh1 Re4 39. Kh2 Kg6 40. Kh1 Kh5 41. Kh2 g4 42.
hxg4+ Kxg4 43. Rd3 Re2 44. Rh3 Bf2 45. Rd3 Bg3+ 46.
Kg1 Rxa2 47. Ne3+ Kg5 48. Nf1 Bf2+ 49. Kh1 Bc5 50. Nh2 Kf4 51. Rf3+ Ke4 52. Rf7 a4 53. bxa4 h3 54. Nf1 b3 55. Rb7 b2 56. a5 Bd4 57. Nd2+ Kd3 58. Nb1 Ra1 59. Kh2 Rxb1 60. a6 Ra1 61. a7 Rxa7 0-1

[Event "*** Titled Tuesday Blitz"]
[Site "Chess.com"]
[Date "2020.04.14"]
[Round "4"]
[White "leopato"]
[Black "norwaytoadog"]
[Result "1-0"]
[WhiteElo "2096"]
[BlackElo "2234"]
[TimeControl "180+1"]
[EndTime "10:41:08 PDT"]
[Termination "leopato won on time"]

1. Nf3 Nf6 2. b3 e6 3. Bb2 d5 4. e3 Be7 5. Be2 O-O 6. O-O a5 7.
a3 Nbd7 8. c4 a4 9. b4 c6 10. Nc3 dxc4 11. Bxc4 Nb6 12. Be2 Nfd5 13. Rc1 Bf6 14. Qc2 e5 15. Ne4 Bf5 16. Nxf6+ Qxf6 17.
e4 Nf4 18. d3 Nxe2+ 19. Qxe2 Bg4 20. Qe3 Bxf3 21. Qxf3 Qxf3 22. gxf3 Rad8 23. Rfd1 f6 24. d4 exd4 25. Bxd4 Nd7 26. Kf1 Ne5 27. Ke2 Ng6 28.
Ke3 f5 29. Bb6 Rde8 30. Rd7 Rf7 31. Rcd1 Ne5 32. Rxf7 Kxf7 33. Rd4 fxe4 34. fxe4 Ng4+ 35. Kf3 Ne5+ 36. Kg3 g5 37. Bc7 Ng6 38. f3 Rc8 39. Bd6 Rd8 40. e5 Ke6 41. Kg4 h6 42. Kh5 Kf5 43.
h4 Rh8 44. e6 Nf4+ 45. Bxf4 gxf4 46. e7 Re8 47. Rd7 Ke6 48. Rxb7 Rxe7 49. Rxe7+ Kxe7 50. Kxh6 Kf6 51. Kh5 Kf5 52. Kh6 Kf6 53. h5 Kf7 54.
Kg5 Kg7 55. Kxf4 Kh6 56. Kg4 Kg7 57. f4 Kh6 58. f5 Kg7 59. Kg5 Kh7 60. f6 c5 61. bxc5 Kg8 62. c6 Kf7 63. c7 1-0

[Event "*** Titled Tuesday Blitz"]
[Site "Chess.com"]
[Date "2020.04.14"]
[Round "4"]
[White "english_player_89"]
[Black "Igor_Lysyj"]
[Result "0-1"]
[WhiteElo "2569"]
[BlackElo "2816"]
[TimeControl "180+1"]
[EndTime "10:41:09 PDT"]
[Termination "Igor_Lysyj won by resignation"]

1. e4 e5 2. Nf3 Nc6 3. Bc4 Bc5 4. d3 Nf6 5. Bb3 a6 6. Nbd2 O-O 7. h3 Ba7 8. O-O d6 9. c3 Be6 10. Re1 Bxb3 11.
axb3 Qd7 12. Nh4 g6 13. Qf3 Ne8 14. Nc4 Ng7 15. Bh6 f5 16. Bxg7 Qxg7 17. exf5 g5 18. f6 Qxf6 19. Qd5+ Kh8 20. Nf3 Qg7 21. Ne3 Rf7 22.
Ra4 Raf8 23. Rg4 h6 24. h4 Rf4 25. hxg5 Bxe3 26. Rg3 Bb6 27. gxh6 Qf7 28. Qxf7 R8xf7 29. d4 exd4 30. Ng5 Re7 31. Rxe7 Nxe7 32. Ne6 Rf6 33.
Nxd4 Bxd4 34. cxd4 Rxh6 35. Re3 Rh7 36. f4 Kg8 37.
Kf2 Kf8 38. Rc3 Nd5 39. Rf3 Rh1 40. Rg3 Rb1 41. Rg5 Rxb2+ 42. Kf3 Rxb3+ 43. Ke4 c6 44. Kf5 Kf7 45. Rh5 Ne7+ 46. Ke4 Rg3 47. Rh7+ Rg7 48.
Rh2 Kf6 49. Kf3 Nf5 50. g4 Nxd4+ 51. Ke4 Ne6 52. g5+ Nxg5+ 53. fxg5+ Rxg5 54. Rh7 Rb5 55. Kd4 Ke6 56. Rh6+ Kd7 57. Kc4 d5+ 58. Kc3 Kc7 59.
Kd4 Kb6 60. Kc3 a5 61. Kd4 a4 62. Rh3 Ra5 63. Kc3 a3 64. Rh1 a2 65. Ra1 c5 66.
Kb2 Kc6 67. Kb3 c4+ 68. Kb4 Ra8 69. Re1 a1=R 0-1

[Event "*** Titled Tuesday Blitz"]
[Site "Chess.com"]
[Date "2020.04.14"]
[Round "4"]
[White "EndgameGrinder"]
[Black "Zhani-Z"]
[Result "1-0"]
[WhiteElo "2685"]
[BlackElo "2504"]
[TimeControl "180+1"]
[EndTime "10:41:09 PDT"]
[Termination "EndgameGrinder won on time"]

1. d4 Nf6 2. Nf3 g6 3. c4 Bg7 4. Nc3 d6 5. Bg5 c6 6. e3 O-O 7. Be2 a6 8. O-O b5 9. a3 bxc4 10. Bxc4 a5 11. h3 Ba6 12. Bxa6 Nxa6 13. Qa4 Qb6 14. Rab1 Nc7 15. Rfc1 h6 16. Bxf6 exf6 17. Nd2 Nb5 18. Nc4 Qb8 19. Nxa5 Nxc3 20. Rxc3 Rc8 21. b4 c5 22. Qc2 Qb5 23. dxc5 dxc5 24.
Nc4 cxb4 25. Rxb4 Qc5 26. Rbb3 f5 27. Nb6 Bxc3 28. Nxa8 Be5 29. Qxc5 Rxc5 30. f4 Bd6 31.
Nb6 Kg7 32. Kf2 g5 33. fxg5 hxg5 34. a4 g4 35. hxg4 fxg4 36. Rb2 Rf5+ 37. Ke2 g3 38.
Kd3 Rf1 39. Ra2 Rd1+ 40. Ke4 Rb1 41. Nc4 Bc5 42. Kd5 Ba7 43. a5 Rd1+ 44. Ke4 Rc1 45. Kd5 Rd1+ 46. Kc6 Rc1 47. Kb5 Rb1+ 48. Ka6 Rc1 49.
Kxa7 Rxc4 50. a6 Rb4 51. Ka8 Kg6 52. a7 Kf5 53. Rc2 Ke4 54. Rc7 f5 55. Re7+ Kd3 56. Rg7 Kxe3 57. Rxg3+ Ke4 58. Rg7 1-0

[Event "*** Titled Tuesday Blitz"]
[Site "Chess.com"]
[Date "2020.04.14"]
[Round "4"]
[White "Chesswizard_2007"]
[Black "pirulillo"]
[Result "1-0"]
[WhiteElo "2607"]
[BlackElo "2187"]
[TimeControl "180+1"]
[EndTime "10:41:09 PDT"]
[Termination "Chesswizard_2007 won by resignation"]

1. d4 Nf6 2. c4 g6 3. f3 Bg7 4.
e4 d6 5. Nc3 O-O 6. Bg5 c5 7.
d5 a6 8. Qd2 Re8 9. Nge2 b5 10.
cxb5 axb5 11. Nxb5 Ba6 12. Nec3 Nbd7 13. Be2 Qa5 14.
O-O Reb8 15. a4 Rc8 16. Nb1 Qxd2 17. Nxd2 h6 18. Be3 Bxb5 19. Bxb5 e6 20. dxe6 fxe6 21. Nc4 Bf8 22. Rfd1 d5 23. e5 dxc4 24. exf6 Nxf6 25.
Bxc4 Nd5 26. Rxd5 exd5 27. Bxd5+ Kh7 28. Bxa8 Rxa8 29. b3 Rb8 30. a5 Rxb3 31. a6 Rxe3 32. a7 Re8 33. a8=Q Rxa8 34. Rxa8 Bg7 35. Rc8 g5 36. Kf1 Bd4 37. Ke2 Kg6 38. Kd3 Bg1 39. h3 Kf5 40. Rf8+ Kg6 41. Ke4 Bf2 42. g4 Bd4 43.
Rc8 Bg1 44. Rc6+ Kg7 45. Kf5 Bd4 46. Rc7+ Kf8 47. Kg6 Ke8 48. Kxh6 Kd8 49. Rb7 c4 50. Rb4 Ke7 51. Rxc4 Bf2 52. Kg6 Kf8 53. Re4 Bh4 54.
Kf5 Kf7 55. Ra4 Ke7 56. Ra6 Kf7 57. Ra8 Ke7 58. Ra2 Kd6 59. Rc2 Ke7 60. Re2+ Kf7 61. Re6 Kg7 62. Rg6+ Kh7 63. Rxg5 Bg3 64. Rh5+ Kg7 65.
Rg5+ Kh7 66. Rg6 Bc7 67. Ra6 Bg3 68. g5 Kg8 69. Kg6 Kf8 70. Ra8+ Ke7 71. Kh7 Bf4 72. g6 Be5 73. g7 Bxg7 74. Kxg7 Ke6 75. h4 Kf5 76. h5 Kf4 77. h6 Kxf3 78. h7 Kg4 79.
h8=Q 1-0

[Event "*** Titled Tuesday Blitz"]
[Site "Chess.com"]
[Date "2020.04.14"]
[Round "4"]
[White "MaxVavulin"]
[Black "Jadro9"]
[Result "0-1"]
[WhiteElo "2508"]
[BlackElo "2695"]
[TimeControl "180+1"]
[EndTime "10:41:10 PDT"]
[Termination "Jadro9 won by resignation"]

1. e4 e5 2. Nf3 Nc6 3. Bb5 a6 4.
Ba4 d6 5. O-O Bd7 6. c3 g6 7. d4 Bg7 8. Re1 h6 9. h3 Nge7 10. Be3 O-O 11. Nbd2 Qe8 12. Bb3 Rd8 13. Nf1 Kh8 14. Qd2 Kh7 15. Bc2 f5 16. exf5 Bxf5 17. Ng3 Bxc2 18. Qxc2 Qf7 19. Rad1 Qxa2 20. dxe5 dxe5 21.
Bc5 Qf7 22. Qe4 Rfe8 23. Rxd8 Rxd8 24. Nh2 Nf5 25. Ng4 Nxg3 26. fxg3 Qd5 27. Qxd5 Rxd5 28. Be3 g5 29. h4 Kg6 30. Kf1 Rb5 31. Re2 Na5 32. Nf2 Nc4 33. Bc1 Nd6 34. Ke1 a5 35. Kd1 a4 36. Kc2 Rd5 37. Re1 b5 38. Re2 c5 39.
Nh3 g4 40. Nf2 h5 41. Re1 Kf5 42. Nd1 Nc4 43. Rf1+ Kg6 44. Ne3 Nxe3+ 45. Bxe3 b4 46. cxb4 cxb4 47. Ra1 b3+ 48. Kc3 e4+ 49. Kc4 Rd3 50. Bf4 Bxb2 51. Rxa4 Bf6 52. Ra6 Kf7 53. Ra7+ Ke6 54. Ra6+ Kf5 55. Ra5+ Kg6 56. Ra6 b2 57.
Rb6 Kf7 58. Rb7+ Ke6 59. Rb6+ Kd7 60. Rb7+ Kc6 61. Rb8 Rd1 62. Rc8+ Kb7 63. Rb8+ Ka7 64. Rb3 b1=Q 65. Be3+ Ka6 66. Ra3+ Kb7 67. Ra7+ Kc6 68. Ra6+ Kd7 69. Rxf6 Qd3+ 70. Kc5 Qxe3+ 0-1

[Event "*** Titled Tuesday Blitz"]
[Site "Chess.com"]
[Date "2020.04.14"]
[Round "4"]
[White "Buffy7"]
[Black "rozabaku"]
[Result "1-0"]
[WhiteElo "2649"]
[BlackElo "2440"]
[TimeControl "180+1"]
[EndTime "10:41:10 PDT"]
[Termination "Buffy7 won by resignation"]

1. d4 Nf6 2. c4 g6 3. Nc3 d5 4. cxd5 Nxd5 5. e4 Nxc3 6. bxc3 Bg7 7. Nf3 c5 8. Be3 cxd4 9. cxd4 Nc6 10. Qd2 Bg4 11.
Rd1 Bxf3 12. gxf3 O-O 13. f4 Qa5 14. Qxa5 Nxa5 15. Bd3 Rac8 16. Ke2 a6 17. Rc1 b5 18. e5 e6 19. a4 Nc4 20. axb5 axb5 21. Rb1 Rb8 22.
Rhc1 Na3 23. Rb3 b4 24. Bd2 Nb5 25. Rxb4 Na7 26. Rc7 Rxb4 27. Bxb4 Rb8 28. Bc5 Nc8 29. Ba6 Nb6 30. Bb7 Na4 31. Bd6 Bf8 32. Bc6 Nb2 33.
d5 Nc4 34. Bxf8 Rxf8 35. d6 Rd8 36. Be4 Nb6 37. Rb7 Nd7 38. Ke3 h6 39. Kd4 Kg7 40. Bc6 Nf8 41. Kc5 g5 42. d7 gxf4 43. Kd6 f6 44. Ke7 Rxd7+ 45. Bxd7 fxe5 46. Bxe6 e4 47. Kd6+ Kf6 48. Rf7+ Kg5 49. Rxf8 e3 50. fxe3 fxe3 51. Rf3 e2 52. Re3 h5 53. Rxe2 Kf4 54. h3 Kg3 55. Ra2 Kf3 56. Ra4 Kg3 57. Ke7 Kf3 58. Kf6 Kg3 59. Kg5 h4 60. Ra3+ Kh2 61. Kxh4 Kg2 62. Kg4 Kf2 63. h4 1-0

[Event "*** Titled Tuesday Blitz"]
[Site "Chess.com"]
[Date "2020.04.14"]
[Round "4"]
[White "Chichin_chao"]
[Black "tsvet2005"]
[Result "0-1"]
[WhiteElo "2362"]
[BlackElo "2677"]
[TimeControl "180+1"]
[EndTime "10:41:10 PDT"]
[Termination "tsvet2005 won by resignation"]

1. e4 c5 2. Nf3 d6 3. c3 Nf6 4.
h3 Nc6 5. Bd3 d5 6. exd5 Qxd5 7.
Qe2 e6 8. O-O Be7 9. Bc4 Qd8 10.
Bb5 Qb6 11. Ne5 O-O 12. Nxc6 bxc6 13. Bc4 Nd5 14. d3 Rd8 15. Nd2 Qc7 16. Ne4 Nb6 17.
Bb3 Ba6 18. Bc2 Nd5 19. Qf3 Rab8 20. Re1 Rd7 21. a3 Rbd8 22. c4 Nf6 23. Ng5 h6 24. Ne4 Nxe4 25. Rxe4 Rd4 26. Be3 Rxe4 27. Qxe4 Bf6 28.
Bxc5 Bxb2 29. Rb1 Bf6 30. d4 g6 31. h4 h5 32. Qf3 Bxd4 33. Bxd4 Rxd4 34. c5 Rxh4 35. g3 Rd4 36. Be4 Bb5 37. Qe3 Rd8 38. f4 Qd7 39. Kf2 Qd2+ 40. Qxd2 Rxd2+ 41. Ke3 Ra2 42. Rb3 a5 43. Rc3 a4 44. Bd3 Bxd3 45.
Kxd3 Kf8 46. Kc4 Rb2 47. Rd3 Ke7 48. Rd6 Rb3 49. Rxc6 Rxa3 50. Ra6 Rxg3 51. Rxa4 h4 52. Kb5 Rb3+ 53. Kc6 e5 54. fxe5 h3 55. Rh4 g5 56.
Rh7 g4 57. Kc7 Rb2 58. c6 h2 59. Kc8 g3 60. c7 Rb1 61. e6 Kxe6 62. Kd8 Rd1+ 63.
Ke8 Rc1 64. Rh6+ f6 65. Kd8 g2 66. Rxh2 g1=Q 67. Re2+ Kf5 68. Re7 Qd4+ 69. Rd7 Qxd7+ 70. Kxd7 Rxc7+ 0-1

[Event "*** Titled Tuesday Blitz"]
[Site "Chess.com"]
[Date "2020.04.14"]
[Round "4"]
[White "TigrVShlyape"]
[Black "hitaman"]
[Result "1/2-1/2"]
[WhiteElo "2853"]
[BlackElo "2663"]
[TimeControl "180+1"]
[EndTime "10:41:11 PDT"]
[Termination "Game drawn by agreement"]

1. d4 d5 2. Nf3 Nf6 3. Bf4 c5 4. e3 e6 5. c3 Bd6 6. Bb5+ Nc6 7. Bxc6+ bxc6 8. Bxd6 Qxd6 9. Qa4 cxd4 10. cxd4 O-O 11. O-O c5 12. Qa3 Ne4 13. Rc1 cxd4 14. Qxd6 Nxd6 15.
Nxd4 Bd7 16. Nd2 Rfc8 17. f4 Kf8 18. Kf2 Ke7 19. b3 f6 20. N4f3 Bb5 21. Nd4 Bd7 22. N4f3 Bb5 23. Nd4 Be8 24. h3 a5 25. a3 e5 26. fxe5 fxe5 27. Ne2 Rab8 28. Rxc8 Rxc8 29. Rc1 Rxc1 30. Nxc1 Ke6 31. Nd3 d4 32. exd4 exd4 33. Kf3 Bb5 34. Nc5+ Kd5 35. b4 a4 36. Nce4 Nxe4 37. Nxe4 Bc6 38. Nd2 Ke5+ 39. Kf2 Bd5 40. g3 h6 41. Ke2 Bc6 42. Nf3+ Ke4 43. Nd2+ Ke5 44. Nf3+ Ke4 45. Nd2+ Kd5 46. h4 Bd7 47. Kf2 Bg4 48. Ke1 d3 49. Nf1 Kd4 50. Kd2 Bf5 51. Ne3 Be6 52. Ng2 Ke4 53. Nf4 Bc4 54. Nh5 g6 55. Nf4 g5 56. hxg5 hxg5 57. Ng6 Kf5 58. Ne7+ Kg4 59. Nc8 Kxg3 60. Nd6 Bd5 61. Kxd3 Kf4 62.
Kd4 Ba8 63. Nc4 g4 64. Ne3 g3 65. b5 Kf3 66. b6 Bb7 67. Kd3 Bc8 68. Kd4 Ba6 69.
Nf5 g2 70. Nh4+ Kg3 71. Nxg2 Kxg2 72. Kc5 Kf3 73. Kb4 Ke4 74. Kxa4 Kd5 75. Kb4 1/2-1/2

[Event "*** Titled Tuesday Blitz"]
[Site "Chess.com"]
[Date "2020.04.14"]
[Round "4"]
[White "ninullia"]
[Black "MacDaddyMac"]
[Result "0-1"]
[WhiteElo "2446"]
[BlackElo "2300"]
[TimeControl "180+1"]
[EndTime "10:41:11 PDT"]
[Termination "MacDaddyMac won by checkmate"]

1. d4 Nf6 2. c4 e6 3. Nf3 b6 4. g3 Bb7 5. Bg2 Be7 6. O-O O-O 7. Nc3 Ne4 8. Bd2 d6 9. d5 Nxd2 10. Qxd2 e5 11. e4 f5 12. Ne1 f4 13. f3 Nd7 14. Bh3 Bg5 15. Be6+ Kh8 16. g4 Nc5 17. b4 Nxe6 18. dxe6 Rf6 19. c5 Rxe6 20. Rd1 dxc5 21.
bxc5 Qxd2 22. Rxd2 Ba6 23. Rff2 Bh4 24. Nc2 Bxf2+ 25. Kxf2 Rc6 26. Nb4 Rxc5 27. Ncd5 Bc4 28. Ne7 Bb5 29. h4 a5 30. Nbd5 Bc4 31. g5 Re8 32. h5 c6 33. Nxb6 Rxe7 34. Nxc4 Re8 35.
Nd6 Rf8 36. g6 h6 37. Nf7+ Kg8 38. Kg2 Rb5 39. Kh3 Rb1 40. Nxe5 Rh1+ 41. Kg4 Rg1+ 42. Kh3 Rg5 43. Nxc6 Rxh5+ 44. Kg2 Rg5+ 45. Kf2 Rxg6 46. Ne7+ Kh7 47. Nxg6 Kxg6 48. Rd6+ Kg5 49. Rd5+ Kh4 50. Rxa5 g5 51. Ra6 h5 52. Rb6 g4 53. Rb1 g3+ 54. Kg2 Rd8 55. Rh1+ Kg5 56. a4 Rd2+ 57. Kh3 Ra2 58. a5 Rxa5 59. Rc1 Rb5 60. Rd1 Rc5 61. Kg2 Rc2+ 62. Kg1 Kh4 63. Ra1 Kh3 64. Re1 h4 65.
e5 Rg2+ 66. Kh1 Rh2+ 67. Kg1 g2 68. Kf2 Rh1 69. Rg1 Rxg1 70. Kxg1 Kg3 71. e6 h3 72. e7 h2# 0-1

[Event "*** Titled Tuesday Blitz"]
[Site "Chess.com"]
[Date "2020.04.14"]
[Round "4"]
[White "Shivagami"]
[Black "ambaixador"]
[Result "1-0"]
[WhiteElo "2148"]
[BlackElo "2359"]
[TimeControl "180+1"]
[EndTime "10:41:11 PDT"]
[Termination "Shivagami won on time"]

1. d4 d5 2. Bf4 e6 3. e3 Bd6 4. Bg3 c5 5. c3 Nc6 6. Nf3 Nge7 7.
Bd3 b6 8. Ne5 Bb7 9. O-O O-O 10.
Nd2 f6 11. Qh5 f5 12. Ndf3 Qe8 13. Qh3 c4 14. Bc2 Nxe5 15. dxe5 Bc7 16. Nd4 Ng6 17. f4 b5 18. a4 a6 19. axb5 axb5 20. Rxa8 Bxa8 21.
Ra1 Qd7 22. Ra6 Bb7 23. Rxe6 Ne7 24. Bh4 Nc6 25. Bxf5 Nxd4 26. exd4 Qf7 27. g4 Bd8 28. Bxd8 Rxd8 29. Qxh7+ Kf8 30. Qh8+ Qg8 31. Qxg8+ Kxg8 32. Rb6 Ba8 33. Rxb5 Kf7 34. Bc2 Ke7 35. f5 Kd7 36.
Ra5 Kc6 37. Ra7 Bb7 38. e6 Kb6 39. Ra1 Re8 40. Re1 Bc8 41. Ba4 Re7 42. Kf2 Kc7 43.
Kf3 Kd6 44. Kf4 g6 45. Bc2 gxf5 46. gxf5 Rh7 47. Re2 Rh4+ 48. Kg5 Rh8 49. e7 Bd7 50. f6 Rg8+ 51. Kh6 Be8 52. Kh7 Rg5 53. Kh6 Rg1 54. Rf2 Bf7 55. Bh7 1-0

[Event "*** Titled Tuesday Blitz"]
[Site "Chess.com"]
[Date "2020.04.14"]
[Round "4"]
[White "Dhaydon19"]
[Black "Izoria123"]
[Result "0-1"]
[WhiteElo "2627"]
[BlackElo "2789"]
[TimeControl "180+1"]
[EndTime "10:41:14 PDT"]
[Termination "Izoria123 won by resignation"]

1. d4 d6 2. Nf3 g6 3. g3 Bg7 4.
Bg2 Nf6 5. O-O O-O 6. c4 c6 7.
Nc3 Qa5 8. e4 e5 9. d5 cxd5 10.
cxd5 Bd7 11. Nd2 Rc8 12. Nb3 Qd8 13. f3 b5 14. a3 a5 15. Be3 Na6 16. a4 bxa4 17. Nxa4 Rcb8 18. Nxa5 Qxa5 19. Nb6 Qxb6 20. Bxb6 Rxb6 21. Qd3 Bb5 22. Qb3 Rab8 23. Rfc1 Bh6 24.
Rc2 Nc5 25. Rxc5 dxc5 26. Qc3 Be8 27. Qxc5 Rxb2 28. Bh3 Re2 29. Qe7 Be3+ 30. Kf1 Rf2+ 31. Ke1 Rxh2 32. Qxe5 Rbb2 33. Bf1 Bd2+ 34. Kd1 Ba4+ 35.
Rxa4 Rb1+ 36. Kc2 Bf4+ 37. Kxb1 Bxe5 38. f4 Rh1 39. fxe5 Rxf1+ 40. Kc2 Rf2+ 41. Kd3 Nd7 42. Kd4 Rd2+ 43. Ke3 Rd1 44. e6 fxe6 45. Ra8+ Kf7 46.
Ra7 Ke7 47. Ke2 Rb1 48. dxe6 Kxe6 49. Ke3 Rb4 50. Kf4 Nf6 51. Ra6+ Ke7 52. Ra7+ Nd7 53.
Kg5 Rxe4 54. Kh6 Rg4 55. Ra3 Nf6 56. Kg7 Ne4 57. Kxh7 Nxg3 58. Ra6 Kf7 59. Ra7+ Kf6 60. Ra6+ Kf5 61. Ra5+ Kf6 62. Ra6+ Kf5 63. Ra5+ Kf4 64. Ra4+ Ne4 65. Kh6 g5 66. Ra8 Rh4+ 67. Kg6 g4 68. Rf8+ Ke3 69. Kf5 g3 70. Re8 Rf4+ 71.
Ke5 Rg4 72. Rg8 Rxg8 0-1

[Event "*** Titled Tuesday Blitz"]
[Site "Chess.com"]
[Date "2020.04.14"]
[Round "4"]
[White "nickmatta"]
[Black "Vojtastr"]
[Result "1/2-1/2"]
[WhiteElo "2311"]
[BlackElo "2474"]
[TimeControl "180+1"]
[EndTime "10:41:14 PDT"]
[Termination "Game drawn by repetition"]

1. d4 Nf6 2. c4 c5 3. d5 e6 4. Nc3 exd5 5. cxd5 d6 6. e4 g6 7. Nge2 Bg7 8. Ng3 O-O 9. Be2 a6 10. a4 Nbd7 11. O-O Qc7 12. h3 c4 13. Qd4 Nc5 14. Qxc4 Bd7 15. b4 b5 16. Qa2 Nxa4 17. Nxa4 bxa4 18.
Bb2 Rfe8 19. Rac1 Qb6 20. Qa1 Nxe4 21. Bxg7 Nxg3 22. Bd3 Nxf1 23. Rxf1 Re5 24. Bxe5 dxe5 25. Qxe5 Qxb4 26. Rb1 Qd2 27. Rb7 Qxd3 28. Rxd7 a3 29. Qe7 Qf5 30. g4 Qf4 31. Qxa3 Rc8 32. Qe3 Qf6 33.
Kg2 a5 34. Qe7 Qf4 35. Rd8+ Rxd8 36. Qxd8+ Kg7 37. Qd7 Qe4+ 38. Kg3 a4 39. d6 a3 40. Qe7 Qd3+ 41. Kg2 Qd5+ 42. Kg3 a2 43. d7 a1=Q 44.
d8=Q Qae5+ 45. Qxe5+ Qxe5+ 46. Kg2 h5 47. Qd3 h4 48.
Qf3 g5 49. Qc6 Qd4 50. Qf3 Qc5 51. Qb7 Qe5 52. Qf3 Qe6 53. Qc3+ Kg6 54. Qf3 Qe5 55.
Qc6+ f6 56. Qf3 Qd4 57. Qc6 Qe5 58. Qf3 Kf7 59. Qb7+ Ke6 60. Qf3 Qd5 61. Qxd5+ Kxd5 62. Kf3 Kd4 63. Ke2 Ke4 64. f3+ Kd4 65. Kf2 Kd3 66. f4 Kd4 67. Kf3 Kd3 68. fxg5 fxg5 69. Kf2 Ke4 70.
Ke2 Kf4 71. Kf2 Ke4 72. Ke2 Kd4 73. Kd2 Ke4 74. Ke2 1/2-1/2

[Event "*** Titled Tuesday Blitz"]
[Site "Chess.com"]
[Date "2020.04.14"]
[Round "4"]
[White "jposthuma"]
[Black "ulkaf961"]
[Result "1-0"]
[WhiteElo "2589"]
[BlackElo "2331"]
[TimeControl "180+1"]
[EndTime "10:41:15 PDT"]
[Termination "jposthuma won on time"]

1. d4 d5 2. c4 c6 3. Nf3 Nf6 4. g3 e6 5. Bg2 Be7 6. O-O O-O 7. b3 Nbd7 8. Ba3 b6 9. Qc1 Bb7 10. Bxe7 Qxe7 11. Qa3 c5 12. Nc3 Rfe8 13. dxc5 Nxc5 14. Ne5 d4 15. Bxb7 Qxb7 16. Nb5 Qe4 17. Nf3 Red8 18.
Rad1 d3 19. Nc3 Qb7 20. Kg2 dxe2 21. Nxe2 Nd3 22. b4 Ne5 23. Qc3 Nfg4 24. Ng1 Rdc8 25. Rd4 Nxf3 26. Qxf3 Qxf3+ 27. Nxf3 Nf6 28. Rfd1 Kf8 29.
Ne5 Ke7 30. b5 Rc7 31. Nc6+ Kf8 32. Rd8+ Rxd8 33. Rxd8+ Ne8 34. Ra8 f6 35. Rxa7 Rxa7 36. Nxa7 Nd6 37. c5 bxc5 38. a4 c4 39. Kf3 e5 40. Nc6 e4+ 41. Ke3 Ke8 42. Kd4 Kd7 43. Nb4 Kc7 44. Nd5+ Kb7 45. Kc5 Nf5 46. a5 Nh6 47. a6+ Ka7 48. Kc6 Ng4 49. b6+ Kxa6 50. b7 Ne5+ 51. Kc7 Nd7 52. Kxd7 Kxb7 53. Nc3 f5 54. Ke6 g6 55. Kd5 Kc7 56. Kxc4 Kd6 57.
Kd4 Ke6 58. Ne2 Kf6 59. Kd5 g5 60. Kd6 h6 61. Kd5 g4 62. Nf4 Kg5 63. Ke5 h5 64. Ke6 h4 65. Ke5 h3 66. Ke6 1-0

[Event "*** Titled Tuesday Blitz"]
[Site "Chess.com"]
[Date "2020.04.14"]
[Round "4"]
[White "AvitalBor"]
[Black "crescentmoon2411"]
[Result "0-1"]
[WhiteElo "2740"]
[BlackElo "2935"]
[TimeControl "180+1"]
[EndTime "10:41:16 PDT"]
[Termination "crescentmoon2411 won on time"]

1. e4 c5 2. c3 Nf6 3. e5 Nd5 4. d4 cxd4 5. cxd4 d6 6. Nf3 Nc6 7. Bc4 dxe5 8. Bxd5 Qxd5 9. Nc3 Qd6 10. d5 Nd4 11.
Nxd4 exd4 12. Qxd4 e5 13. Qe4 Be7 14. O-O O-O 15.
Re1 f6 16. Nb5 Qb4 17. Qxb4 Bxb4 18. Rd1 Bd7 19. Nc3 Bxc3 20. bxc3 Rfc8 21. Be3 Rxc3 22. a4 b6 23. a5 bxa5 24. Rxa5 a6 25. Rda1 Rd3 26. Rb1 Rc8 27. h3 Bb5 28. Raa1 Rxd5 29. Rc1 Rxc1+ 30. Rxc1 Kf7 31. g4 Rd7 32. Rc8 Rb7 33.
Kh2 Bd7 34. Ra8 Bb5 35. Kg3 h6 36. h4 Ke6 37. h5 f5 38. gxf5+ Kxf5 39. f3 Ke6 40.
Rf8 Rf7 41. Rb8 Bc6 42. f4 exf4+ 43. Bxf4 Bb5 44. Rb6+ Kf5 45. Be3 Rd7 46. Rg6 Be2 47. Kf2 Bxh5 48. Rxa6 Bf7 49. Bxh6 gxh6 50. Rxh6 Bg6 51.
Rh4 Kg5 52. Rb4 Re7 53. Rb5+ Bf5 54. Rb4 Bg4 55. Kg3 Re3+ 56. Kf2 Rf3+ 57. Kg2 Kh4 58. Rb8 Re3 59. Rh8+ Bh5 60. Rf8 Bg6 61. Rf4+ Kg5 62. Rb4 Be4+ 63. Kf2 Kf4 64. Rb8 Rc3 65. Rf8+ Bf5 66. Ke2 Rc2+ 67. Kd1 Rh2 68. Kc1 Ke5 0-1

[Event "*** Titled Tuesday Blitz"]
[Site "Chess.com"]
[Date "2020.04.14"]
[Round "4"]
[White "Hubbery"]
[Black "MaximDlugy"]
[Result "0-1"]
[WhiteElo "2587"]
[BlackElo "2890"]
[TimeControl "180+1"]
[EndTime "10:41:16 PDT"]
[Termination "MaximDlugy won by resignation"]

1. d4 d5 2. c4 dxc4 3. Nf3 a6 4. e3 e6 5. Bxc4 b5 6. Be2 Nf6 7. O-O Bb7 8. a4 b4 9. Nbd2 Nbd7 10. Nc4 c5 11. b3 Be7 12. Bb2 O-O 13. dxc5 Nxc5 14.
Nd4 Nfe4 15. Qc2 Rc8 16. Rfd1 Qc7 17. f3 Nf6 18. Rac1 Nd5 19. e4 Nf4 20. Bf1 Qb8 21.
g3 Ng6 22. Bg2 Rfd8 23. f4 Bf8 24. h4 Ne7 25. h5 h6 26. Kh1 Nc6 27. Nf3 Rxd1+ 28.
Rxd1 Rd8 29. e5 Rxd1+ 30. Qxd1 Ne7 31. Nd4 Bxg2+ 32. Kxg2 Nd5 33. Qf3 Qc7 34. a5 Nb7 35.
f5 Qd7 36. fxe6 fxe6 37. Bc1 Nd8 38. Qg4 Kh8 39. Bd2 Nc3 40. Nb6 Qc7 41. Qf4 Kg8 42.
Kh3 Qe7 43. Nc4 Qe8 44. g4 Nf7 45. Qf3 Nb5 46. Nxb5 Qxb5 47. Qa8 Qd5 48. Qxd5 exd5 49.
Ne3 d4 50. Nc4 Nd8 51. Kg3 Ne6 52. Kf3 Kf7 53. Ke4 Nc5+ 54. Kxd4 Nxb3+ 55. Kd5 Nxd2 56. Nxd2 Be7 57. Kc6 Bd8 58. Nb3 Ke6 59. Kb7 Kxe5 60. Kxa6 Kf4 61. Kb5 Bxa5 62. Kxa5 Kxg4 63. Kxb4 Kxh5 64. Kc3 Kg4 65. Kd2 Kg3 66. Ke2 Kg2 67.
Nc1 g5 68. Nd3 h5 69. Ne1+ Kg3 70. Kf1 g4 71. Kg1 h4 72. Nd3 h3 73. Nf2 h2+ 74. Kf1 Kf3 75. Nh1 g3 76. Nxg3 Kxg3 0-1